 Dungeon Crawl Stone Soup version 0.28.0-53-g5a82cb258f (webtiles) character file.

Game seed: 4743846567245651139

94 MiltankisOP the Chopper (level 4, 0/36 HPs)
             Began as a Demonspawn Fighter on July 13, 2022.
             Slain by a gnoll
             ... wielding a +0 flail
              (5 damage)
             ... on level 2 of the Dungeon.
             The game lasted 00:02:35 (1885 turns).

MiltankisOP the Chopper (Demonspawn Fighter)        Turns: 1885, Time: 00:02:36

Health: 0/36       AC:  7    Str: 19    XL:     4   Next: 38%
Magic:  4/4        EV:  9    Int:  9    God:
Gold:   89         SH:  4    Dex: 12    Spells: 3/3 levels left

rFire   + . .      SeeInvis .   a - +0 war axe
rCold   . . .      Faith    .   c - +0 buckler
rNeg    . . .      Spirit   .   b - +0 scale mail
rPois   .          Reflect  .   (no helmet)
rElec   .          Harm     .   (no cloak)
rCorr   .          Rampage  .   (no gloves)
Will    +....                   (no boots)
Stlth   ..........              (no amulet)
HPRegen 0.12/turn               f - ring of protection from fire
MPRegen 0.09/turn               n - ring of willpower

@: no status effects
A: rugged brown scales 1, powered by death 1
a: no special abilities


You were on level 2 of the Dungeon.
You visited 1 branch of the dungeon, and saw 3 of its levels.

You collected 89 gold pieces.

Inventory:

Hand Weapons
 a - a +0 war axe (weapon)
Armour
 b - a +0 scale mail (worn)
 c - a +0 buckler (worn)
Jewellery
 f - a ring of protection from fire (left hand)
 l - a ring of fire
 m - a ring of ice
 n - a ring of willpower (right hand)
Scrolls
 e - a scroll of identify {unknown}
 g - a scroll of amnesia {unknown}
 i - a scroll of enchant armour {unknown}
 j - a scroll of fear {unknown}
 k - a scroll of vulnerability {unknown}
Potions
 d - a potion of might
 h - a potion of flight {unknown}
 o - a potion of curing {unknown}


   Skills:
 - Level 3.1 Fighting
 + Level 3.9 Axes
 - Level 2.8 Armour
 - Level 2.8 Shields


You had 3 spell levels left.
You didn't know any spells.
Your spell library contained the following spells:

 Spells                   Type           Power      Damage    Failure   Level
 Pain                     Necr           0%         1d4       85%         1
 Sting                    Tmut/Pois      0%         1d3       85%         1
 Ozocubu's Armour         Ice            0%         N/A       99%         3
 Alistair's Intoxication  Tmut/Pois      0%         N/A       100%        5
 Ozocubu's Refrigeration  Ice            0%         4d5       100%        7
 Necromutation            Tmut/Necr      0%         N/A       100%        8


Dungeon Overview and Level Annotations

Branches:
Dungeon (3/15)

Altars:


Innate Abilities, Weirdness & Mutations

You are partially covered in rugged brown scales. (AC +1, +3% HP)
You regenerate a little health from kills.


Message History

The gnoll barely misses you.
You barely miss the gnoll.
The gnoll is almost dead.
The gnoll barely misses you.
You hit the gnoll.
You kill the gnoll!
A gnoll comes into view. It is wielding a +0 spear.
The gnoll shouts!
You slash the gnoll!
The gnoll is severely wounded.
You block the gnoll's attack.
You slash the gnoll!
You kill the gnoll!
The gnoll hits you but does no damage.
You hit the gnoll.
The gnoll is lightly wounded.
The gnoll closely misses you.
You closely miss the gnoll.
The gnoll is lightly wounded.
You block the gnoll's attack. x2
You hit the gnoll but do no damage.
The gnoll is lightly wounded.
The gnoll hits you from afar with a +0 spear.
The gnoll hits you with a +0 flail. The gnoll hits you but does no damage.
You closely miss the gnoll.
The gnoll is lightly wounded.
The gnoll hits you with a +0 flail. The gnoll hits you but does no damage.
There is a stone staircase leading down here.
The gnoll barely misses you.
There is a stone staircase leading up here.
The gnoll hits you with a +0 flail!
* * * LOW HITPOINT WARNING * * *
You climb upwards.
There is a stone staircase leading down here.
You barely miss the gnoll. The gnoll hits you with a +0 flail.
* * * LOW HITPOINT WARNING * * *
You hit the gnoll.
The gnoll is heavily wounded.
The gnoll hits you with a +0 flail.
You die...

#.......'..............
#.......##########.....
#.......##...########+#
#.......'.......(......
#.......##...########.#
#.......##...# #.#
#.......##...# #.#
#.......#############.#
#....g@.'.............<
#.......#####.#########
######### #.# #.#
#########'###
#...........#
#...........#
#...........#
#########.###


You could see a gnoll.

Vanquished Creatures
  3 gnolls
  An adder (D:2)
  A dart slug (D:2)
  5 orcs (D:3)
  7 endoplasms
  2 giant cockroaches (D:1)
  5 goblins
  A hobgoblin (D:1)
  3 kobolds
  A quokka (D:1)
  10 ball pythons
  5 bats
  A frilled lizard (D:1)
  3 rats (D:1)
48 creatures vanquished.

Notes
Turn   | Place    | Note
-------+----------+-------------------------------------------
     0 | D:1      | MiltankisOP the Demonspawn Fighter began the quest for the
                  | Orb.
     0 | D:1      | Reached XP level 1. HP: 18/18 MP: 1/1
    22 | D:1      | Gained mutation: You are partially covered in rugged brown
                  | scales. (AC +1, +3% HP) [demonic ancestry]
    22 | D:1      | Reached XP level 2. HP: 16/24 MP: 2/2
   216 | D:1      | Got Sif Muna's Collected Works on Noxious Sinister Secrets
   712 | D:1      | Gained mutation: You regenerate a little health from kills.
                  | [demonic ancestry]
   712 | D:1      | Reached XP level 3. HP: 26/29 MP: 3/3
   723 | D:1      | Found a faded altar of an unknown god.
  1774 | D:3      | Reached XP level 4. HP: 36/36 MP: 4/4
  1885 | D:2      | Slain by a gnoll

Illustrated notes

Levels and vault maps discovered:
D:1:      erik_arrival_cave_to_civilisation [erik_arrival_cave_to_hall],
          layout_basic, hellmonk_ecumenical_altar_pennies_from_heaven,
          serial_corexii_hall, chequers_hall_statues_corner_a,
          corexii_hall_statues_deadend
D:2:      layout_basic, minmay_misc_feat_five, hangedman_decor_growths
D:3:      kennysheep_the_goblin_king, layout_basic, okawaru_gym_becter,
          kennysheep_generic_room_11, uniq_pargi, uniq_natasha

Skill      XL: |  1  2  3 |
---------------+----------+-----
Axes           | 2 3 |  3.9
Fighting       | |  3.1
Armour         | |  2.8
Shields        | |  2.8

Action                   |  1- 3 |  4- 6 || total
-------------------------+-------+-------++-------
Melee: War axe           |   118 |    27 ||   145
Armor: Scale mail        |    55 |     5 ||    60
Dodge: Dodged            |    56 |    10 ||    66
Block: Buckler           |    26 |    12 ||    38
